Map: Tropical Sacrifice

Players

A.I. 2 (Very Easy) - Winner!

  • Race: Protoss Protoss
  • Spawn Location: 7:00

chocolate

  • Race: Protoss Protoss
  • League: Grandmaster
  • Spawn Location: 1:00

VOD

Have the link to the VOD?

Description

Time

  • Played on: Oct. 1, 2022, 7:53 p.m.
  • Length: 5:10
Show
View Real Time Build Order
Export as new Build Order

A.I. 2 (Very Easy) Protoss - Winner!

Build Orders: 1 Gate Expand, Nexus First 

Get SALT Encoding   

  12  0:00  Probe  
  13  0:13  Probe  
  14  0:21  Pylon  
  14  0:42  Gateway  
  14  1:03  Nexus  
  14  1:20  Pylon  
  14  1:21  Zealot  
  14  1:24  Assimilator  
  16  1:37  Cybernetics Core  
  16  1:39  Probe  
  17  1:51  Probe  
  18  2:01  Probe, Assimilator  
  19  2:09  Probe  
  19  2:15  Probe, Stalker  
  22  2:16  Warp Gate  
  23  2:24  Probe  
  23  2:28  Probe  
  25  2:39  Probe  
  26  2:46  Probe, Pylon  
  27  2:53  Probe  
  28  3:00  Probe  
  29  3:08  Probe  
  29  3:11  Probe  
  30  3:14  Robotics Facility  
  31  3:27  Assimilator  
  31  3:29  Probe  
  31  3:33  Zealot  
  34  3:36  Probe  
  31  3:43  Probe  
  31  3:50  Probe  
  32  3:58  Probe  
  32  4:00  Observer  
  34  4:04  Assimilator  
  34  4:05  Probe  
  35  4:11  Probe  
  35  4:14  Observer  
  36  4:19  Probe  
  36  4:23  Probe  
  39  4:34  Probe  
  40  4:40  Probe  
  41  4:49  Probe  
  41  4:51  Stalker  
  42  4:56  Probe  
Show
View Real Time Build Order
Export as new Build Order

chocolate Protoss 

Build Orders: Dark Templar Rush 

Get SALT Encoding   

  12  0:00  Probe  
  13  0:12  Probe  
  14  0:18  Pylon  
  14  0:24  Probe  
  15  0:36  Probe  
  15  0:39  Gateway  
  16  0:45  Assimilator  
  16  0:49  Probe (Chrono Boost)  
  17  0:58  Probe (Chrono Boost)  
  17  0:59  Assimilator  
  17  1:03  Probe (Chrono Boost)  
  19  1:15  Gateway, Probe (Chrono Boost)  
  20  1:23  Probe (Chrono Boost)  
  21  1:28  Cybernetics Core  
  21  1:30  Probe  
  22  1:38  Pylon  
  22  1:42  Probe  
  23  1:56  Probe  
  24  2:04  Warp Gate (Chrono Boost)  
  24  2:06  Adept x2  
  27  2:14  Pylon  
  27  2:33  Twilight Council  
  27  2:36  Stalker x2  
  31  2:41  Probe  
  32  3:04  Nexus  
  32  3:13  Dark Shrine  
  32  3:16  Probe  
  33  3:28  Probe  
  34  3:41  Probe  
  35  3:43  Pylon  
  31  3:53  Probe  
  31  3:54  Pylon  
  32  4:05  Probe  
  33  4:16  Probe  
  34  4:17  Probe  
  35  4:25  Dark Templar x2  
  35  4:28  Probe  
  35  4:29  Probe  
  41  4:40  Probe  
  41  4:41  Forge, Probe  
  41  4:42  Robotics Facility  
  43  4:52  Probe  
  44  4:53  Probe  
  43  5:01  Stalker x2  
  43  5:04  Pylon  
Tags
 
Add a new tag
Caveats
  • Supply blocks, unpowered buildings, or Contaminate may cause inaccurate times.
  • Supply counts are checked every 10 seconds.